TOP OF THE 1ST |
California Angels batting - Pitching for Oakland Athletics : RHP Danny Darwin
|
Pitching: RHP Danny Darwin
|
|
Batting: RHB Frank White
|
0-0: SINGLE (Groundball, 6S, EV 68.1 MPH) (infield hit)
|
Batting: LHB John Milner
|
0-0: Ball 1-0: Called Strike 1-1: Fielders Choice at 2nd, 4-6 (Groundball, 4M, EV 111.3 MPH)
|
Batting: SHB Jon Hernandez
|
0-0: Ball 1-0: Fly out, F4 (Flyball, 4D, EV 74.4 MPH)
|
Batting: LHB Jason D Thompson
|
0-0: SINGLE (Line Drive, 4MD, EV 95.6 MPH) John Milner to second Runner from 2nd tries for 3rd, SAFE, throw by CF made to third
|
Batting: RHB Jeff Atherton
|
0-0: Ball 1-0: Called Strike 1-1: 3-RUN HOME RUN (Flyball, 78XD, EV 95.0 MPH), Distance : 390 ft
|
Batting: RHB Charlie Moore
|
0-0: Foul Ball, location: 2F 0-1: Ground out 4-3 (Groundball, 4, EV 101.9 MPH)
|
Top of the 1st over - 3 runs, 3 hits, 0 errors, 0 left on base; California 3 - Oakland 0 |
BOTTOM OF THE 1ST |
Oakland Athletics batting - Pitching for California Angels : RHP Rafael Jimenez
|
Pitching: RHP Rafael Jimenez
|
|
Batting: RHB Scott Fletcher
|
0-0: Fly out, F8 (Flyball, 8LS, EV 90.0 MPH)
|
Batting: LHB Ruppert Jones
|
0-0: Called Strike 0-1: Ball 1-1: Foul Ball, location: 2F 1-2: Foul Ball, location: 2F 1-2: Fly out, F7 (Line Drive, 7D, EV 89.4 MPH)
|
Batting: RHB Dave Henderson
|
0-0: Called Strike 0-1: Ball 1-1: Fly out, F9 (Line Drive, 9LM, EV 107.5 MPH)
|
Bottom of the 1st over - 0 runs, 0 hits, 0 errors, 0 left on base; California 3 - Oakland 0 |
TOP OF THE 2ND |
California Angels batting - Pitching for Oakland Athletics : RHP Danny Darwin
|
Batting: SHB Manny Castillo
|
0-0: Called Strike 0-1: Swinging Strike 0-2: SOLO HOME RUN (Flyball, 9D, EV 105.6 MPH), Distance : 377 ft
|
Batting: SHB Ignacio Medina
|
0-0: Ball 1-0: Swinging Strike 1-1: Fly out, F7 (Flyball, 7D, EV 92.5 MPH)
|
Batting: RHB Carlos Pimentel
|
0-0: Foul Ball, location: 2F 0-1: Fly out, F6 (Popup, 15, EV 73.1 MPH)
|
Batting: RHB Frank White
|
0-0: Called Strike 0-1: Called Strike 0-2: Strikes out swinging
|
Top of the 2nd over - 1 run, 1 hit, 0 errors, 0 left on base; California 4 - Oakland 0 |
BOTTOM OF THE 2ND |
Oakland Athletics batting - Pitching for California Angels : RHP Rafael Jimenez
|
Batting: LHB Reggie Jackson
|
0-0: Ball 1-0: Ground out 4-3 (Groundball, 4M, EV 103.1 MPH)
|
Batting: RHB George Hendrick
|
0-0: Ball 1-0: Ball 2-0: Ball 3-0: Ground out 6-3 (Groundball, 6, EV 81.9 MPH)
|
Batting: RHB Earl C Williams
|
0-0: Ball 1-0: Swinging Strike 1-1: Ball 2-1: Swinging Strike 2-2: Strikes out swinging
|
Bottom of the 2nd over - 0 runs, 0 hits, 0 errors, 0 left on base; California 4 - Oakland 0 |
TOP OF THE 3RD |
California Angels batting - Pitching for Oakland Athletics : RHP Danny Darwin
|
Batting: LHB John Milner
|
0-0: Fly out, F7 (Flyball, 7D, EV 95.6 MPH)
|
Batting: SHB Jon Hernandez
|
0-0: Ball 1-0: Ball 2-0: Ball 3-0: Base on Balls
|
Batting: LHB Jason D Thompson
|
0-0: Foul Ball, location: 2F 0-1: Ball 1-1: SINGLE (Groundball, 34D, EV 88.1 MPH) (infield hit) Jon Hernandez to second
|
Batting: RHB Jeff Atherton
|
0-0: Called Strike 0-1: Ball 1-1: Fly out, F9 (Flyball, 89M, EV 89.4 MPH)
|
Batting: RHB Charlie Moore
|
0-0: Ball 1-0: Ball 2-0: Ground out 5-3 (Groundball, 56S, EV 81.3 MPH)
|
Top of the 3rd over - 0 runs, 1 hit, 0 errors, 2 left on base; California 4 - Oakland 0 |
BOTTOM OF THE 3RD |
Oakland Athletics batting - Pitching for California Angels : RHP Rafael Jimenez
|
Batting: LHB Ben Oglivie
|
0-0: Ball 1-0: Foul Ball, location: 2F 1-1: Called Strike 1-2: Strikes out swinging
|
Batting: RHB Barry Evans
|
0-0: Swinging Strike 0-1: Ball 1-1: Called Strike 1-2: Ball 2-2: Strikes out swinging
|
Batting: RHB Fred Andrews
|
0-0: Ground out 4-3 (Groundball, 4M, EV 103.8 MPH)
|
Bottom of the 3rd over - 0 runs, 0 hits, 0 errors, 0 left on base; California 4 - Oakland 0 |
TOP OF THE 4TH |
California Angels batting - Pitching for Oakland Athletics : RHP Danny Darwin
|
Batting: SHB Manny Castillo
|
0-0: Ball 1-0: SINGLE (Line Drive, 8LS, EV 103.8 MPH)
|
Batting: SHB Ignacio Medina
|
0-0: Ball 1-0: Ball 2-0: Foul Ball, location: 2F 2-1: Called Strike 2-2: Foul Ball, location: 2F 2-2: Foul Ball, location: 2F 2-2: Strikes out swinging
|
Batting: RHB Carlos Pimentel
|
0-0: Ball 1-0: Foul Ball, location: 2F 1-1: Foul Ball, location: 2F 1-2: Foul Ball, location: 2F 1-2: Fielders Choice at 2nd, 6-4 (Groundball, 6, EV 88.1 MPH)
|
Batting: RHB Frank White
|
0-0: Ball 1-0: Ball 2-0: Called Strike 2-1: Ball 3-1: Ground out 5-3 (Groundball, 56S, EV 68.8 MPH)
|
Top of the 4th over - 0 runs, 1 hit, 0 errors, 1 left on base; California 4 - Oakland 0 |
BOTTOM OF THE 4TH |
Oakland Athletics batting - Pitching for California Angels : RHP Rafael Jimenez
|
Batting: RHB Scott Fletcher
|
0-0: Ball 1-0: Fly out, F9 (Line Drive, 9D, EV 101.3 MPH)
|
Batting: LHB Ruppert Jones
|
0-0: Ball 1-0: Ball 2-0: Ball 3-0: Base on Balls
|
Batting: RHB Dave Henderson
|
0-0: Called Strike Ruppert Jones steals 2nd base 0-1: Called Strike 0-2: Foul Ball, location: 2F 0-2: Fly out, F9 (Line Drive, 9, EV 91.9 MPH)
|
Batting: LHB Reggie Jackson
|
0-0: Ball 1-0: Called Strike 1-1: Swinging Strike 1-2: Strikes out looking
|
Bottom of the 4th over - 0 runs, 0 hits, 0 errors, 1 left on base; California 4 - Oakland 0 |
TOP OF THE 5TH |
California Angels batting - Pitching for Oakland Athletics : RHP Danny Darwin
|
Batting: LHB John Milner
|
0-0: SOLO HOME RUN (Flyball, 89XD, EV 112.5 MPH), Distance : 408 ft
|
Batting: SHB Jon Hernandez
|
0-0: Ball 1-0: Foul Ball, location: 2F 1-1: Ball 2-1: Foul Ball, location: 2F 2-2: Ball 3-2: DOUBLE (Line Drive, 7LM, EV 90.6 MPH)
|
Pitching: RHP Neil Allen
|
|
Batting: LHB Jason D Thompson
|
0-0: Foul Ball, location: 2F 0-1: Swinging Strike 0-2: Ground out 2-3 (Groundball, 13S, EV 67.5 MPH) Jon Hernandez to third
|
Batting: RHB Jeff Atherton
|
0-0: Called Strike 0-1: Foul Ball, location: 2F 0-2: Foul Ball, location: 2F 0-2: Ball 1-2: SINGLE (Line Drive, 9S, EV 92.5 MPH) Jon Hernandez scores
|
Batting: RHB Charlie Moore
|
0-0: Swinging Strike 0-1: Foul Ball, location: 2F 0-2: Fly out, F8 (Flyball, 8LXD, EV 88.8 MPH)
|
Batting: SHB Manny Castillo
|
0-0: Ball 1-0: Called Strike 1-1: Ball 2-1: Ground out 4-3 (Groundball, 4, EV 107.5 MPH)
|
Top of the 5th over - 2 runs, 3 hits, 0 errors, 1 left on base; California 6 - Oakland 0 |
BOTTOM OF THE 5TH |
Oakland Athletics batting - Pitching for California Angels : RHP Rafael Jimenez
|
Batting: RHB George Hendrick
|
0-0: Fly out, F9 (Flyball, 89S, EV 90.0 MPH)
|
Batting: RHB Earl C Williams
|
0-0: Called Strike 0-1: Ball 1-1: Ground out 6-3 (Groundball, 6, EV 101.3 MPH)
|
Batting: LHB Ben Oglivie
|
0-0: Called Strike 0-1: Foul Ball, location: 2F 0-2: Fly out, F6 (Popup, 6M, EV 62.5 MPH)
|
Bottom of the 5th over - 0 runs, 0 hits, 0 errors, 0 left on base; California 6 - Oakland 0 |
TOP OF THE 6TH |
California Angels batting - Pitching for Oakland Athletics : RHP Neil Allen
|
Batting: SHB Ignacio Medina
|
0-0: Ground out 4-3 (Groundball, 4, EV 88.1 MPH)
|
Batting: RHB Carlos Pimentel
|
0-0: Called Strike 0-1: Called Strike 0-2: Strikes out swinging
|
Batting: RHB Frank White
|
0-0: Foul Ball, location: 2F 0-1: Foul Ball, location: 2F 0-2: Strikes out swinging
|
Top of the 6th over - 0 runs, 0 hits, 0 errors, 0 left on base; California 6 - Oakland 0 |
BOTTOM OF THE 6TH |
Oakland Athletics batting - Pitching for California Angels : RHP Rafael Jimenez
|
Batting: RHB Barry Evans
|
0-0: Called Strike 0-1: Foul Ball, location: 2F 0-2: Foul Ball, location: 2F 0-2: Ball 1-2: Ball 2-2: Foul Ball, location: 2F 2-2: Ball 3-2: Base on Balls
|
Batting: RHB Fred Andrews
|
0-0: Called Strike 0-1: Fly out, F9 (Line Drive, 9, EV 110.6 MPH)
|
Batting: RHB Scott Fletcher
|
0-0: Ball 1-0: Swinging Strike 1-1: Called Strike 1-2: Foul Ball, location: 2F 1-2: Ball 2-2: Foul Ball, location: 2F 2-2: Strikes out looking
|
Batting: LHB Ruppert Jones
|
0-0: Called Strike 0-1: Fly out, F4 (Flyball, 34D, EV 85.0 MPH)
|
Bottom of the 6th over - 0 runs, 0 hits, 0 errors, 1 left on base; California 6 - Oakland 0 |
TOP OF THE 7TH |
California Angels batting - Pitching for Oakland Athletics : RHP Neil Allen
|
Batting: LHB John Milner
|
0-0: TRIPLE (Flyball, 7D, EV 109.4 MPH)
|
Batting: SHB Jon Hernandez
|
0-0: Ball 1-0: Foul Ball, location: 2F 1-1: Ball 2-1: Swinging Strike 2-2: SINGLE (Groundball, 4D, EV 104.4 MPH) John Milner scores
|
Batting: LHB Jason D Thompson
|
0-0: Foul Ball, location: 2F 0-1: Called Strike 0-2: Fly out, F8 (Flyball, 8RD, EV 79.4 MPH)
|
Batting: RHB Jeff Atherton
|
0-0: Ball 1-0: Called Strike 1-1: Fly out, F9 (Flyball, 9D, EV 88.8 MPH)
|
Batting: RHB Charlie Moore
|
0-0: Foul Ball, location: 2F 0-1: Fly out, F3 (Popup, 34, EV 65.6 MPH)
|
Top of the 7th over - 1 run, 2 hits, 0 errors, 1 left on base; California 7 - Oakland 0 |
BOTTOM OF THE 7TH |
Oakland Athletics batting - Pitching for California Angels : RHP Rafael Jimenez
|
Pinch Hitting: RHB Barry Foote
|
0-0: Ball 1-0: DOUBLE (Line Drive, 7LM, EV 97.5 MPH)
|
Batting: LHB Reggie Jackson
|
0-0: Foul Ball, location: 2F 0-1: Ball 1-1: Swinging Strike 1-2: Ball 2-2: Ball 3-2: Foul Ball, location: 2F 3-2: Strikes out swinging
|
Pinch Hitting: SHB Chico Walker
|
0-0: Ground out 4-3 (Groundball, 4D, EV 101.3 MPH) Barry Foote to third
|
Batting: RHB Earl C Williams
|
0-0: Ball 1-0: SINGLE (Line Drive, 7S, EV 96.3 MPH) Barry Foote scores
|
Batting: LHB Ben Oglivie
|
0-0: Ball 1-0: Ball 2-0: Called Strike 2-1: 2-RUN HOME RUN (Flyball, 9D, EV 94.4 MPH), Distance : 386 ft
|
Batting: RHB Barry Evans
|
0-0: Ball 1-0: Ball 2-0: Ball 3-0: Base on Balls
|
Batting: RHB Fred Andrews
|
0-0: Ground out 4-3 (Groundball, 4, EV 86.3 MPH)
|
Bottom of the 7th over - 3 runs, 3 hits, 0 errors, 1 left on base; California 7 - Oakland 3 |
TOP OF THE 8TH |
California Angels batting - Pitching for Oakland Athletics : RHP Neil Allen
|
Now at C: Barry Foote
|
|
Now in CF: Chico Walker
|
|
Batting: SHB Manny Castillo
|
0-0: Ball 1-0: Ball 2-0: Ball 3-0: Base on Balls
|
Batting: SHB Ignacio Medina
|
0-0: Ball 1-0: Sac Bunt to 15 - play at first, batter OUT! 1-4 Manny Castillo to second
|
Batting: RHB Carlos Pimentel
|
0-0: Ball 1-0: Called Strike 1-1: Foul Ball, location: 2F 1-2: Ground out U3 (Groundball, 34S, EV 86.9 MPH) Manny Castillo to third
|
Batting: RHB Frank White
|
0-0: Ball 1-0: Called Strike 1-1: Ball 2-1: SINGLE (Groundball, 25, EV 75.0 MPH) (infield hit) Manny Castillo scores
|
Batting: LHB John Milner
|
0-0: Swinging Strike 0-1: Fly out, F9 (Flyball, 89M, EV 80.6 MPH)
|
Top of the 8th over - 1 run, 1 hit, 0 errors, 1 left on base; California 8 - Oakland 3 |
BOTTOM OF THE 8TH |
Oakland Athletics batting - Pitching for California Angels : RHP Rafael Jimenez
|
Batting: RHB Scott Fletcher
|
0-0: Ball 1-0: Fly out, F7 (Flyball, 78XD, EV 96.3 MPH)
|
Batting: LHB Ruppert Jones
|
0-0: Ball 1-0: Called Strike 1-1: Swinging Strike 1-2: Ball 2-2: Foul Ball, location: 2F 2-2: Strikes out swinging
|
Batting: RHB Barry Foote
|
0-0: Ground out 5-3 (Groundball, 56S, EV 88.1 MPH)
|
Bottom of the 8th over - 0 runs, 0 hits, 0 errors, 0 left on base; California 8 - Oakland 3 |
TOP OF THE 9TH |
California Angels batting - Pitching for Oakland Athletics : RHP Neil Allen
|
Batting: SHB Jon Hernandez
|
0-0: Called Strike 0-1: Ball 1-1: Swinging Strike 1-2: Ball 2-2: Ball 3-2: Fly out, F7 (Flyball, 7D, EV 88.8 MPH)
|
Batting: LHB Jason D Thompson
|
0-0: Ball 1-0: Called Strike 1-1: Ground out 6-3 (Groundball, 6M, EV 100.0 MPH)
|
Batting: RHB Jeff Atherton
|
0-0: Called Strike 0-1: Ball 1-1: Swinging Strike 1-2: Ground out 3-1 (Groundball, 34S, EV 85.6 MPH)
|
Top of the 9th over - 0 runs, 0 hits, 0 errors, 0 left on base; California 8 - Oakland 3 |
BOTTOM OF THE 9TH |
Oakland Athletics batting - Pitching for California Angels : RHP Rafael Jimenez
|
Batting: LHB Reggie Jackson
|
0-0: Ball 1-0: Fly out, F6 (Flyball, 56D, EV 87.5 MPH)
|
Batting: SHB Chico Walker
|
0-0: Called Strike 0-1: Foul Ball, location: 2F 0-2: Ground out 3-1 (Groundball, 34S, EV 65.6 MPH)
|
Batting: RHB Earl C Williams
|
0-0: Ball 1-0: Ball 2-0: Foul Ball, location: 2F 2-1: Swinging Strike 2-2: Strikes out swinging
|
Bottom of the 9th over - 0 runs, 0 hits, 0 errors, 0 left on base; California 8 - Oakland 3 |
|